 Dungeon Crawl Stone Soup version 0.29-a0-1009-g60c99734e7 (webtiles) character file.

Game seed: 11623821210406805297

43467 Sobieck the Brawler (level 14, -31/125 HPs)
             Began as a Ghoul Gladiator on Aug 8, 2022.
             Was a High Priest of Qazlal.
             Annihilated by an iron giant skeleton (34 damage)
             ... on level 3 of the Abyss.
             The game lasted 00:45:07 (22037 turns).

Sobieck the Brawler (Ghoul Gladiator)              Turns: 22037, Time: 00:45:07

Health: -31/125    AC: 23    Str: 29    XL:     14   Next: 24%
Magic:  20/20      EV:  9    Int:  3    God:    Qazlal [*****.]
Gold:   798        SH:  6    Dex: 10    Spells: 13/13 levels left

rFire   + . .      SeeInvis .     - Unarmed
rCold   + + .      Faith    .   (no shield)
rNeg    + + +      Spirit   .   V - +2 plate armour {Will+}
rPois   ∞          Reflect  .   E - +2 helmet
rElec   .          Harm     .   a - scarf {rC+ rF+}
rCorr   .          Rampage  .   (no gloves)
Will    ++...                   B - +0 pair of boots
Stlth   ..........              k - amulet of magic regeneration {@e2}
HPRegen 0.00/turn               G - +6 ring of strength
MPRegen 0.57/turn               X - +4 ring of slaying

@: protected from physical damage, inhibited regen, repel missiles
A: claws 1, cold resistance 1, negative energy resistance 3, inhibited
regeneration, torment resistance 2, devour on kill
a: Renounce Religion, Upheaval, Elemental Force, Disaster Area


You were on level 3 of the Abyss.
You worshipped Qazlal.
Qazlal was extremely pleased with you.
You visited 3 branches of the dungeon, and saw 16 of its levels.
You visited the Abyss 1 time.

You collected 1038 gold pieces.
You spent 240 gold pieces at shops.


Innate Abilities, Weirdness & Mutations

You are immune to poison.
You have sharp fingernails.
Your flesh is cold resistant. (rC+)
You are immune to negative energy. (rN+++)
You do not regenerate when monsters are visible.
You are immune to unholy pain and torment.
You thrive by killing the living.


   Skills:
 + Level 11.7 Fighting
 + Level 8.7 Ranged Weapons
 - Level 4.1 Throwing
 + Level 7.8 Armour
 - Level 4.0 Dodging
 * Level 15.0 Unarmed Combat
 * Level 9.9 Invocations
 + Level 5.9 Evocations


You had 13 spell levels left.
You didn't know any spells.
Your spell library contained the following spells:

 Spells                   Type           Power      Damage    Failure   Level
 Necrotise                Necr           0%         1d4       99%         1
 Call Canine Familiar     Summ           0%         N/A       100%        3
 Gell's Gravitas          Tloc           0%         N/A       100%        3
 Lesser Beckoning         Tloc           0%         N/A       100%        3
 Teleport Other           Tloc           0%         N/A       100%        3
 Airstrike                Air            0%         2d(0-16)  100%        4
 Animate Armour           Summ/Erth      0%         N/A       100%        4
 Corpse Rot               Necr/Pois/Air  0%         N/A       100%        4
 Fulminant Prism          Conj/Hex       0%         3d6       100%        4
 Iskenderun's Mystic Bla  Conj/Tloc      0%         2d3       100%        4
 Summon Lightning Spire   Summ/Air       0%         N/A       100%        4
 Borgnjor's Vile Clutch   Necr/Erth      0%         N/A       100%        5
 Lee's Rapid Deconstruct  Erth           0%         3d5*      100%        5
 Lightning Bolt           Conj/Air       0%         1d11      100%        5
 Eringya's Noxious Bog    Tmut/Pois      0%         N/A       100%        6
 Infestation              Necr           0%         N/A       100%        8
 Beastly Appendage        Tmut           Unusable   N/A       N/A         1
 Wereblood                Tmut           Unusable   N/A       N/A         2
 Spider Form              Tmut/Pois      Unusable   N/A       N/A         3
 Necromutation            Tmut/Necr      Unusable   N/A       N/A         8

Inventory:

Hand Weapons
 b - the +8 longbow "Leta" {flame, rPois, bow}
   (You found it on level 6 of the Dungeon)

   Any ammunition fired from it burns those it strikes, dealing additional fire
   damage.
   rPois:     It protects you from poison.
Missiles
 c - 4 throwing nets (quivered) {=f!fthrowing}
 d - a javelin {throwing}
 g - 110 stones {throwing}
 m - 4 curare-tipped darts {=fthrowing}
 u - 6 boomerangs {throwing}
 O - 8 poisoned darts {throwing}
Armour
 a - a scarf of resistance (worn)
   (You found it on level 6 of the Dungeon)
 B - a +0 pair of boots (worn)
   (You found it on level 4 of the Lair of Beasts)
 E - a +2 helmet (worn)
   (You found it on level 1 of the Lair of Beasts)
 F - a +2 helmet
 H - a +0 ring mail
   (You took it off an orc on level 3 of the Dungeon)
 J - a +0 robe
   (You took it off an orc wizard on level 3 of the Dungeon)
 K - a +0 ring mail
   (You took it off an orc on level 3 of the Dungeon)
 L - a +0 leather armour
   (You took it off an orc priest on level 3 of the Dungeon)
 M - a +0 robe
   (You took it off Jessica on level 3 of the Dungeon)
 P - a +0 robe
   (You found it on level 4 of the Dungeon)
 Q - a +0 robe
   (You found it on level 4 of the Dungeon)
 R - a +0 robe
   (You took it off an orc wizard on level 4 of the Dungeon)
 S - a +0 scale mail
   (You took it off an orc on level 4 of the Dungeon)
 T - a +0 robe
   (You took it off an orc wizard on level 4 of the Dungeon)
 V - a +2 plate armour of willpower (worn)
   (You found it on level 6 of the Dungeon)
 Y - a +0 plate armour
   (You found it on level 5 of the Dungeon)
 Z - a +0 robe
   (You took it off an orc wizard on level 5 of the Dungeon)
Jewellery
 j - a ring of willpower
   (You found it on level 3 of the Lair of Beasts)
 k - an amulet of magic regeneration (around neck) {@e2}
   (You found it on level 3 of the Lair of Beasts)
 w - a ring of ice
   (You found it on level 2 of the Dungeon)
 x - a ring of fire
   (You found it on level 4 of the Lair of Beasts)
 G - a +6 ring of strength (left claw)
   (You found it on level 1 of the Lair of Beasts)
 I - a ring of positive energy
   (You found it on level 3 of the Dungeon)
 X - a +4 ring of slaying (right claw)
   (You found it on level 3 of the Lair of Beasts)
Wands
 n - a wand of polymorph (7)
   (You found it on level 6 of the Dungeon)
 z - a wand of roots (15)
   (You found it on level 3 of the Dungeon)
 W - a wand of light (12)
   (You found it on level 5 of the Dungeon)
Scrolls
 f - 3 scrolls of torment
 l - 4 scrolls of fog
 q - 2 scrolls of teleportation {@r4}
 r - 2 scrolls of vulnerability {!r!r}
 D - a scroll of poison
 N - 3 scrolls of magic mapping {!r}
 U - 6 scrolls of immolation {!r!r}
Potions
 e - 2 potions of haste {@q3}
 h - a potion of magic
 i - 2 potions of attraction {!q}
 o - 2 potions of resistance
 p - 2 potions of invisibility
 s - a potion of mutation
 t - 2 potions of lignification
 v - a potion of brilliance
 y - a potion of might
 A - a potion of berserk rage {!q}
 C - 4 potions of flight

Dungeon Overview and Level Annotations

Branches:
Dungeon (10/15) Zot: 26122  Temple (1/1) D:5 Zot: 5947    Lair (5/5) D:8 Zot: 18877
  Swamp (0/4) Lair:3       Spider (0/4) Lair:2        Slime (0/5) Lair:4
    Orc: D:9-12

Altars:
Ashenzari
Cheibriados
Dithmenos
Gozag
Hepliaklqana
Kikubaaqudgha
Nemelex Xobeh
Qazlal
Ru
Vehumet
Wu Jian
Xom
Yredelemnul

Shops:
D:9 *

Annotations:
D:6 4 runed translucent doors
D:8 2 transporters, xian's ghost, novice GnAE

.# .# . ... #.
..# # . ##..##
#.#. #.....#
##...# ........
..#..#Z..#..#
#.##@# #....
#.#...#4...##..
#...○°.##....#
###...# .###..
#...#..###
##..##...# ...#
.#..# ....#####
# ##. .. #.##


You could see a rust devil and an iron giant skeleton.


Message History

Unknown command.
The guardian serpent attacks as you move away!
The guardian serpent hits you but does no damage.
The guardian serpent coils itself and waves its upper body at you.
The bolt of poison hits you but does no damage.
You resist.
Unknown command.
Unknown command.
You block the guardian serpent's attack.
A large abomination comes into view.
Unknown command.
The guardian serpent casts a spell at you.
The bone dragon blinks!
Unknown command.
You claw the guardian serpent! Your claw misses the guardian serpent.
The guardian serpent coils itself and waves its upper body at you.
You resist with almost no effort. The bone dragon bites you.
The bone dragon claws you.
You feel more protected from physical attacks.
The bone dragon tramples you but does no damage.
Unknown command.
The bone dragon bites you but does no damage.
The bone dragon claws you but does no damage.
The bone dragon tramples you but does no damage.
Unknown command.
The bone dragon attacks as you move away!
The bone dragon bites you!!
* * * LOW HITPOINT WARNING * * *
You block the bone dragon's attack.
The bone dragon tramples you but does no damage.
The guardian serpent hits you!
* * * LOW HITPOINT WARNING * * *
Unknown command.
You feel yourself speed up.
The guardian serpent hits you but does no damage.
The guardian serpent attacks as you move away!
The guardian serpent hits you!
* * * LOW HITPOINT WARNING * * *
The guardian serpent is struck by lightning.
Unknown command.
Unknown command.
You are suddenly pulled into a different region of the Abyss!
You start resting.
A bone dragon is nearby!
Danger!
Okay, then.
Okay, then.
Unknown command.
A golden eye comes into view.
You hear a roar!
Unknown command.
Unknown command.
A golden eye comes into view.
The golden eye turns its gaze towards you.
The golden eye blinks!
The golden eye turns its gaze towards you.
The golden eye blinks at you. You resist with almost no effort.
Unknown command.
You eviscerate the golden eye!!!
You kill the golden eye!
Qazlal accepts your kill. The golden eye blinks at you.
You resist with some effort.
Unknown command.
You claw the golden eye! You scratch the golden eye.
You kill the golden eye!
Qazlal accepts your kill.
You feel better.
Unknown command.
Your extra speed is starting to run out.
You hear a screech!
Unknown command.
Unknown command.
Unknown command.
A rust devil comes into view.
Danger!
You feel yourself slow down.
A green death comes into view.
Unknown command.
Unknown command.
Danger!
Unknown command.
Unknown command.
An iron giant skeleton comes into view.
Danger!
You claw the iron giant skeleton! The iron giant skeleton hits you!
* * * LOW HITPOINT WARNING * * *
You claw the iron giant skeleton! You claw the iron giant skeleton!
The iron giant skeleton misses you.
You mangle the iron giant skeleton!! You claw the iron giant skeleton!
You claw the iron giant skeleton. The iron giant skeleton hits you!!
* * * LOW HITPOINT WARNING * * *
You mangle the iron giant skeleton!!
The iron giant skeleton closely misses you.
You mangle the iron giant skeleton!!
Unknown command.
You scratch the iron giant skeleton. The iron giant skeleton hits you!!
You die...

Skill      XL: |  1  2  3  4  5  6  7  8  9 10 11 12 13 14 |
---------------+-------------------------------------------+-----
Unarmed Combat | 4 5 6 7 8 10 11 12 13 14 15 | 15.0
Fighting       | 3 4 5 7 8 9 11 | 11.7
Throwing       | 2 3 4 |  4.1
Armour         | 2 4 5 7 |  7.8
Dodging        | 4 |  4.0
Evocations     | 2 4 5 |  5.9
Ranged Weapons | 1 3 6 8 |  8.7
Invocations    | 3 7 9 |  9.9

Action                   |  1- 3 |  4- 6 |  7- 9 | 10-12 | 13-15 || total
-------------------------+-------+-------+-------+-------+-------++-------
Melee: Unarmed           |   102 |   146 |   303 |   392 |   249 ||  1192
       Punch             |     2 |     2 |    16 |    40 |    24 ||    84
       Longbow           |       |       |       |     1 |       ||     1
 Fire: Sling             |       |    26 |    10 |       |       ||    36
       Longbow           |       |       |       |   191 |   106 ||   297
Invok: Elemental Force   |       |       |       |     1 |       ||     1
  Use: Scroll            |       |    13 |     4 |    12 |     5 ||    34
       Potion            |       |     1 |     4 |     5 |     1 ||    11
Armor: Leather armour    |    25 |     9 |       |       |       ||    34
       Chain mail        |       |    52 |   166 |       |       ||   218
       Plate armour      |       |       |     6 |   234 |   150 ||   390
Dodge: Dodged            |    59 |    62 |   136 |   162 |    82 ||   501
       Repelled          |       |       |       |       |     6 ||     6
Block: Other             |       |       |     6 |    80 |    57 ||   143

Levels and vault maps discovered:
D:1:      evilmike_arrival_rings, layout_loops_ring,
          nicolae_ecumenical_lake_church, kennysheep_crisscross,
          minmay_pentomino_q2
D:2:      layout_loops_corners
D:3:      layout_basic, mainiacjoe_overflow_chevrons, serial_rivers,
          chequers_serial_rivers_large_b, chequers_serial_rivers_room_b,
          chequers_serial_rivers_micro_e, chequers_serial_rivers_room_a,
          hangedman_decor_lopped, st_stairs_2, uniq_jessica
D:4:      layout_basic, minmay_misc_feat_more_columns
D:5:      layout_cave_pools, minmay_temple_entry_nine_rooms, uniq_menkaure
D:6:      layout_basic, lightli_sewer_entry_pipes, serial_undead,
          serial_undead_e, serial_undead_b, serial_undead_d, serial_undead_d,
          minmay_hollow_rounded_squares, uniq_edmund, uniq_prince_ribbit1
D:7:      kennysheep_slugbush, layout_cave_pools,
          pdpol_wu_jian_five_deadly_venoms, minmay_three_doors
D:8:      layout_loops_cross, lair_entry_dummy, gammafunk_ghost_stat_death,
          uniq_psyche
D:9:      minmay_bloctagon, layout_small_grid, mainiacjoe_overflow_big_doors,
          serial_shops, nicolae_shop_crystal, uniq_joseph
D:10:     layout_loops_ring, gammafunk_ghost_hydra_chop, minmay_st_funbox
Temple:   regret_index_temple_chain_breaker
Lair:1:   layout_loops_ring
Lair:2:   layout_roguey, spider_nest_entry_a, infiniplex_staircase_pool_2,
          grunt_megastairs_4
Lair:3:   pond_and_an_island_with_a_cottage, layout_big_grid, swamp_mist,
          lemuel_fruit_fields
Lair:4:   minmay_lair_oklob_tunnel, layout_cave_pods, slime_entry_1,
          serial_bayou_shore_a
Lair:5:   hangedman_lair_tendril_chambers, layout_loops_ring,
          serial_bayou_pond_c, kennysheep_abandoned_house
Abyss:3:  base: D:3, grunt_abyss_rune_wretched_hive

Notes
Turn   | Place    | Note
-------+----------+-------------------------------------------
     0 | D:1      | Sobieck the Ghoul Gladiator began the quest for the Orb.
     0 | D:1      | Reached XP level 1. HP: 17/17 MP: 0/0
   190 | D:1      | Reached XP level 2. HP: 25/25 MP: 1/1
   269 | D:1      | Reached skill level 4 in Unarmed Combat
   365 | D:1      | Found a faded altar of an unknown god.
   475 | D:1      | Reached XP level 3. HP: 30/30 MP: 2/2
   971 | D:2      | Reached skill level 3 in Fighting
  1162 | D:2      | Reached XP level 4. HP: 38/38 MP: 3/3
  1497 | D:2      | Reached skill level 5 in Unarmed Combat
  2491 | D:3      | Reached XP level 5. HP: 27/46 MP: 4/4
  2831 | D:3      | Noticed Jessica
  2841 | D:3      | Killed Jessica
  2842 | D:3      | Reached skill level 4 in Fighting
  2847 | D:3      | HP: 7/46 [iguana (11)]
  2849 | D:3      | Reached skill level 6 in Unarmed Combat
  3147 | D:4      | Reached XP level 6. HP: 52/52 MP: 5/5
  3215 | D:4      | Identified the +5 dagger of the Present {drain, rElec rC+
                  | MP+9 Int-3}
  3753 | D:5      | Entered Level 5 of the Dungeon
  3753 | D:5      | Noticed Menkaure
  3753 | D:5      | Noticed an ice beast
  3753 | D:5      | Noticed a black bear
  3764 | D:4      | HP: 9/53 [Menkaure (9)]
  3765 | D:4      | Killed Menkaure
  3766 | D:4      | Reached skill level 7 in Unarmed Combat
  3766 | D:4      | Reached XP level 7. HP: 11/60 MP: 6/6
  4040 | D:4      | Reached skill level 5 in Fighting
  4069 | D:4      | Reached skill level 8 in Unarmed Combat
  4338 | D:5      | Identified the +11 battleaxe "Buqia" {spect, Will+ Str-2
                  | Int+3}
  4372 | D:5      | You pick up a book of Displacement and begin reading...
  4372 | D:5      | You add the spells Lesser Beckoning, Gell's Gravitas and
                  | Teleport Other to your library.
  4452 | D:5      | Reached XP level 8. HP: 70/70 MP: 7/7
  4537 | D:5      | Reached skill level 6 in Fighting
  4548 | D:5      | Reached skill level 9 in Unarmed Combat
  5057 | D:5      | Found a staircase to the Ecumenical Temple.
  5110 | Temple   | Entered the Ecumenical Temple
  5147 | Temple   | Became a worshipper of Qazlal Stormbringer
  5203 | D:6      | Noticed Prince Ribbit
  5224 | D:6      | Killed Prince Ribbit
  5225 | D:6      | Reached skill level 7 in Fighting
  5225 | D:6      | Reached skill level 10 in Unarmed Combat
  5299 | D:6      | Reached skill level 2 in Throwing
  5324 | D:6      | Reached XP level 9. HP: 79/79 MP: 8/8
  5334 | D:6      | Reached skill level 1 in Armour
  5334 | D:6      | Reached skill level 3 in Dodging
  5334 | D:6      | Reached skill level 1 in Evocations
  5516 | D:6      | HP: 19/79 [hornet zombie (10)]
  5521 | D:6      | HP: 6/79 [hornet zombie (5)]
  5864 | D:6      | Found a large runed translucent door.
  5864 | D:6      | Found a large runed translucent door.
  5915 | D:6      | You add the spells Call Canine Familiar, Corpse Rot,
                  | Animate Armour and Infestation to your library.
  5915 | D:6      | Got Sif Muna's Lessons on Grim Summoning
  5931 | D:6      | Noticed an eight-headed hydra
  5937 | D:6      | Found a large runed translucent door.
  5937 | D:6      | Found a large runed translucent door.
  6295 | D:5      | HP: 14/79 [orc warrior/+0 hand axe (8)]
  6300 | D:5      | Reached * piety under Qazlal
  6801 | D:6      | Reached skill level 2 in Armour
  6801 | D:6      | Reached skill level 2 in Evocations
  7057 | D:6      | Reached skill level 3 in Throwing
  7067 | D:6      | Reached skill level 11 in Unarmed Combat
  7285 | D:6      | Reached skill level 4 in Dodging
  7435 | D:6      | Reached XP level 10. HP: 84/88 MP: 9/9
  7466 | D:6      | Identified the +8 longbow "Leta" {flame, rPois}
  7584 | D:6      | Noticed Edmund
  7588 | D:6      | Killed Edmund
  7589 | D:6      | Reached skill level 8 in Fighting
  7589 | D:6      | Reached skill level 3 in Evocations
  7912 | D:7      | Reached ** piety under Qazlal
  8163 | D:7      | Reached skill level 3 in Armour
  8544 | D:7      | Found an ornate altar of the Wu Jian Council.
  8576 | D:7      | Noticed a four-headed hydra
  8585 | D:7      | Killed a four-headed hydra
  8586 | D:7      | Reached skill level 4 in Throwing
  9074 | D:8      | Noticed Psyche
  9098 | D:8      | Killed Psyche
  9099 | D:8      | Reached skill level 12 in Unarmed Combat
  9111 | D:8      | Noticed xian's ghost (novice GnAE)
  9121 | D:8      | Found a transporter.
  9160 | D:8      | Found a transporter.
  9531 | D:8      | You add the spells Necrotise, Borgnjor's Vile Clutch and
                  | Eringya's Noxious Bog to your library.
  9531 | D:8      | Got the Volume of Grisly Filth
  9533 | D:8      | You pick up a book of Storms and begin reading...
  9533 | D:8      | You add the spells Airstrike, Summon Lightning Spire and
                  | Lightning Bolt to your library.
  9623 | D:8      | Reached skill level 4 in Evocations
  9632 | D:8      | Found a staircase to the Lair.
  9739 | D:9      | Found Ydabbaj's Assorted Antiques.
  9751 | D:9      | Bought a scroll of blinking for 240 gold pieces
  9784 | D:9      | Noticed a deep elf pyromancer
  9796 | D:9      | Killed a deep elf pyromancer
  9797 | D:9      | Reached skill level 4 in Armour
  9891 | D:10     | Entered Level 10 of the Dungeon
  9910 | D:10     | You pick up a book of Changes and begin reading...
  9998 | D:9      | Noticed Joseph
 10005 | D:9      | Killed Joseph
 10006 | D:9      | Reached skill level 1 in Ranged Weapons
 10167 | D:9      | Noticed a manticore
 10173 | D:9      | Reached XP level 11. HP: 81/95 MP: 10/10
 10179 | D:9      | Killed a manticore
 10180 | D:9      | Reached skill level 9 in Fighting
 10259 | D:9      | Noticed a two-headed ogre
 10266 | D:9      | Killed a two-headed ogre
 10267 | D:9      | Reached skill level 2 in Ranged Weapons
 10367 | D:9      | Found a radiant altar of Vehumet.
 10370 | D:9      | Found an ancient bone altar of Kikubaaqudgha.
 10508 | D:9      | Reached *** piety under Qazlal
 10609 | D:9      | Noticed a wizard
 10611 | D:9      | Reached skill level 13 in Unarmed Combat
 10718 | Lair:1   | Entered Level 1 of the Lair of Beasts
 10866 | Lair:1   | Reached skill level 1 in Invocations
 11067 | Lair:1   | Reached skill level 5 in Armour
 11095 | Lair:1   | Reached skill level 2 in Invocations
 11154 | Lair:1   | Reached skill level 3 in Ranged Weapons
 12241 | Lair:2   | Noticed a seven-headed hydra
 12340 | Lair:2   | Killed a seven-headed hydra
 12341 | Lair:2   | Reached skill level 3 in Invocations
 12527 | Lair:2   | Found a hole to the Spider Nest.
 12921 | Lair:2   | Reached XP level 12. HP: 92/106 MP: 13/13
 13108 | Lair:2   | Reached skill level 10 in Fighting
 13108 | Lair:2   | Reached skill level 14 in Unarmed Combat
 13536 | Lair:3   | Noticed a death yak
 13547 | Lair:2   | Reached skill level 4 in Ranged Weapons
 13549 | Lair:2   | HP: 13/106 [death yak[a torpor snail] (21)]
 13551 | Lair:2   | Reached **** piety under Qazlal
 13565 | Lair:2   | HP: 23/106 [death yak[a torpor snail] (8)]
 13567 | Lair:2   | HP: 8/106 [death yak[a torpor snail] (5)]
 13571 | Lair:2   | Killed a death yak
 13572 | Lair:2   | Reached skill level 6 in Armour
 13572 | Lair:2   | Reached skill level 4 in Invocations
 14319 | Lair:3   | Noticed a catoblepas
 14420 | Lair:3   | Killed a catoblepas
 14616 | Lair:3   | HP: 25/107 [komodo dragon zombie (5)]
 14617 | Lair:3   | Reached skill level 5 in Invocations
 14618 | Lair:3   | HP: 9/107 [elephant zombie (8)]
 15207 | Lair:3   | Reached skill level 5 in Ranged Weapons
 15947 | Lair:3   | Found a staircase to the Swamp.
 15952 | Lair:3   | Noticed a four-headed hydra
 15981 | Lair:3   | Killed a four-headed hydra
 15982 | Lair:3   | Reached skill level 11 in Fighting
 16131 | Lair:3   | Reached skill level 7 in Armour
 16141 | Lair:3   | Reached skill level 6 in Invocations
 16369 | Lair:3   | HP: 26/110 [komodo dragon (7)]
 16685 | Lair:3   | Reached skill level 6 in Ranged Weapons
 16965 | Lair:4   | Reached skill level 7 in Invocations
 16993 | Lair:4   | Reached XP level 13. HP: 116/116 MP: 17/17
 17026 | Lair:5   | Entered Level 5 of the Lair of Beasts
 17028 | Lair:5   | You pick up a book of Blasting and begin reading...
 17028 | Lair:5   | You add the spells Fulminant Prism, Iskenderun's Mystic
                  | Blast and Lee's Rapid Deconstruction to your library.
 17115 | Lair:4   | Reached skill level 7 in Ranged Weapons
 17120 | Lair:4   | Reached skill level 8 in Invocations
 17208 | Lair:4   | Found a staircase to the Slime Pits.
 17403 | Lair:5   | Reached skill level 8 in Ranged Weapons
 17743 | Lair:4   | Reached ***** piety under Qazlal
 18214 | Lair:4   | HP: 13/116 [oklob plant/splash of acid (27)]
 19484 | Lair:4   | Reached skill level 5 in Evocations
 19780 | Lair:4   | Identified the +5 flail of Ointment {vorpal, rElec}
 20514 | Lair:5   | Reached skill level 9 in Invocations
 20938 | Lair:5   | Reached XP level 14. HP: 124/124 MP: 20/20
 21824 | D:9      | You are cast into the Abyss!
 21824 | Abyss:3  | Cast into level 3 of the Abyss (a wizard)
 21887 | Abyss:3  | Noticed a tentacled starspawn
 21894 | Abyss:3  | Killed a tentacled starspawn
 21895 | Abyss:3  | Reached skill level 15 in Unarmed Combat
 21940 | Abyss:3  | Noticed a bone dragon
 21966 | Abyss:3  | HP: 27/125 [guardian serpent (16)]
 22034 | Abyss:3  | HP: 3/125 [iron giant skeleton (35)]
 22037 | Abyss:3  | Annihilated by an iron giant skeleton

Vanquished Creatures
  A tentacled starspawn (Abyss:3)
  4 hydras
  A catoblepas (Lair:3)
  A boulder beetle (Lair:4)
  A two-headed ogre (D:9)
  A sixfirhy (Abyss:3)
  A phantasmal warrior (Abyss:3)
  5 oklob plants (Lair:4)
  A lindwurm (Lair:5)
  2 wolf spiders
  A deep elf pyromancer (D:9)
  A necromancer (Lair:3)
  A manticore (D:9)
  Joseph (D:9)
  A worldbinder (Abyss:3)
  9 black mambas
  A guardian serpent (Lair:4)
  A torpor snail (Lair:3)
  14 cane toads
  An orange demon (Abyss:3)
  Psyche (D:8)
  7 komodo dragons
  3 hornets (Lair:4)
  3 polar bears
  Prince Ribbit (D:6)
  5 dream sheep (Lair:4)
  12 blink frogs
  3 jumping spiders (Lair:2)
  A wraith (D:6)
  A vampire (D:9)
  12 wyverns
  29 yaks
  2 golden eyes (Abyss:3)
  A redback (Lair:5)
  A steam dragon (D:8)
  A vampire mosquito (D:9)
  Menkaure (D:4)
  Edmund (D:6)
  18 water moccasins
  A small abomination (Abyss:3)
  4 orc warriors
  3 elephant zombies (Lair:3)
  2 hornet zombies (D:6)
  3 ice beasts
  5 black bears
  24 wolves
  3 centaurs
  2 komodo dragon zombies (Lair:3)
  2 kobold brigands
  13 bullfrogs
  A gnoll sergeant (D:7)
  3 scorpions
  2 necrophages
  A wyvern zombie (D:6)
  2 water moccasin zombies (D:6)
  4 wights (D:8)
  7 electric eels
  6 howler monkeys
  2 centaur zombies (D:6)
  A basilisk zombie (Lair:3)
  8 hounds
  A centaur skeleton (D:6)
  5 orc priests
  3 jellies
  A bullfrog skeleton (D:6)
  5 iguanas
  Jessica (D:3)
  2 hell rats
  9 orc wizards
  2 howler monkey zombies (D:6)
  4 gnolls (D:6)
  2 howler monkey skeletons (D:6)
  6 adders
  9 river rats
  A white imp (D:7)
  An ufetubus (D:3)
  7 worms
  10 dart slugs
  25 orcs
  2 bats
  8 endoplasms
  8 giant cockroaches
  5 goblins
  7 hobgoblins
  8 jackals (D:1)
  11 kobolds
  7 quokkas
  2 ball pythons
  5 frilled lizards
  18 rats
  2 butterflies (Lair:3)
  A lurking horror (Abyss:3)
  2 starspawn tentacles (Abyss:3)
431 creatures vanquished.

Vanquished Creatures (collateral kills)
  A death yak (Lair:2)
1 creature vanquished.

Vanquished Creatures (others)
  25 fungi
  65 plants
  A starspawn tentacle (Abyss:3)
91 creatures vanquished.

Grand Total: 523 creatures vanquished

Table legend:
 A = Non-vault XP
 B = Vault XP
 C = Vault XP percentage of total XP
 D = Non-vault monster count
 E = Vault monster count
 F = Vault count percentage of total count
                 A         B        C        D         E       F
            +---------+---------+-------+---------+---------+-------
      Total |   40409 |   21688 |  34.9 |     293 |     134 |  31.4
            +---------+---------+-------+---------+---------+-------
        D:1 |      47 |       2 |   4.1 |      26 |       2 |   7.1
        D:2 |      80 |       0 |   0.0 |      20 |       0 |   0.0
        D:3 |     162 |      40 |  19.8 |      22 |       3 |  12.0
        D:4 |     686 |     165 |  19.4 |      20 |       1 |   4.8
        D:5 |     789 |      24 |   3.0 |      14 |       4 |  22.2
        D:6 |    1194 |    1881 |  61.2 |      22 |      31 |  58.5
        D:7 |     538 |    1037 |  65.8 |      13 |      12 |  48.0
        D:8 |    1017 |     488 |  32.4 |      21 |       2 |   8.7
        D:9 |    2403 |     812 |  25.3 |       8 |       3 |  27.3
     Lair:1 |    4203 |     236 |   5.3 |      19 |       2 |   9.5
     Lair:2 |    5207 |    1993 |  27.7 |      21 |       8 |  27.6
     Lair:3 |    7130 |    1185 |  14.3 |      34 |       7 |  17.1
     Lair:4 |    9297 |    5328 |  36.4 |      34 |      15 |  30.6
     Lair:5 |    3272 |    8497 |  72.2 |      11 |      44 |  80.0
    Abyss:3 |    4384 |       0 |   0.0 |       8 |       0 |   0.0
            +---------+---------+-------+---------+---------+-------

Illustrated notes

Table legend:
 A = Kills in this place as a percentage of kills in entire the game.
 B = Kills by you in this place as a percentage of kills by you in the entire game.
 C = Kills by friends in this place as a percentage of kills by friends in the entire game.
 D = Other kills in this place as a percentage of other kills in the entire game.
 E = Experience gained in this place as a percentage of experience gained in the entire game.
 F = Experience gained in this place divided by the number of levels of this place that you have seen.
                   A       B       C       D       E      F
               +-------+-------+-------+-------+-------+----------------------
         Total | 100.0 | 100.0 | 100.0 |   N/A | 100.0 | 3652.8
       Dungeon |  52.5 |  52.6 |   0.0 |   N/A |  18.3 | 1136.5
          Lair |  45.7 |  45.5 | 100.0 |   N/A |  74.6 | 9269.6
         Abyss |   1.9 |   1.9 |   0.0 |   N/A |   7.1 | 4384.0
               +-------+-------+-------+-------+-------+----------------------

Table legend: (Time is in decaauts)
 A = Elapsed time spent in this place.
 B = Non-inter-level travel time spent in this place.
 C = Inter-level travel time spent in this place.
 D = Time resting spent in this place.
 E = Time spent auto-exploring this place.
 F = Levels seen in this place.
 G = Mean time per level.
                   A        B        C        D        E       F      G
               +--------+--------+--------+--------+--------+-----+--------+
         Total |  22090 |  21418 |    672 |   7567 |   9526 |  17 | 1299.4 |
       Dungeon |  10728 |  10404 |    324 |   2575 |   5801 |  10 | 1072.8 |
        Temple |     52 |     38 |     14 |      0 |     18 |   1 |   52.0 |
          Lair |  11122 |  10789 |    333 |   4951 |   3706 |   5 | 2224.4 |
         Abyss |    187 |    187 |      0 |     40 |      0 |   1 |  187.0 |
               +--------+--------+--------+--------+--------+-----+--------+

Top non-repeatable levels by time:
  Lair:4: 3465 daAuts
  Lair:2: 3013 daAuts
     D:6: 2152 daAuts
  Lair:3: 1973 daAuts
     D:5: 1526 daAuts
     D:3: 1455 daAuts
  Lair:5: 1353 daAuts
  Lair:1: 1316 daAuts
     D:4: 1066 daAuts
     D:7: 949 daAuts
     D:2: 907 daAuts
     D:9: 894 daAuts
     D:1: 891 daAuts
     D:8: 854 daAuts
 Abyss:3: 187 daAuts
